Map: 绿色温室 - 天梯版 (虚空)

Players

Zerghamdi

  • Race: Zerg Zerg
  • League: Master
  • Spawn Location: 1:00

iAsonu - Winner!

  • Race: Zerg Zerg
  • Spawn Location: 7:00

Event: WESG 2016 Finals

VOD

Have the link to the VOD?

Description

Time

  • Played on: Jan. 13, 2017, 5:04 a.m.
  • Length: 6:56

All games in this series

Show
View Real Time Build Order
Export as new Build Order

Zerghamdi Zerg 

Build Orders: Pool First, Zergling Baneling 

Get SALT Encoding   

  12  0:00  Drone  
  13  0:13  Overlord  
  13  0:17  Drone  
  14  0:31  Drone x2  
  16  0:36  Extractor  
  15  0:43  Spawning Pool  
  15  0:47  Drone  
  15  0:54  Drone  
  16  1:16  Hatchery  
  15  1:30  Zergling x4  
  17  1:36  Metabolic Boost  
  17  1:46  Zergling x4  
  19  1:54  Queen  
  21  2:02  Overlord  
  21  2:05  Zergling x2  
  22  2:14  Baneling Nest  
  21  2:17  Zergling x2  
  22  2:24  Zergling x2  
  22  2:29  Zergling x2  
  24  2:37  Zergling x2  
  24  2:42  Zergling x2  
  26  2:48  Zergling x2  
  27  2:55  Zergling x2  
  27  2:58  Baneling x4  
  28  3:07  Zergling x6  
  28  3:25  Zergling x4  
  26  3:30  Zergling x4  
  27  3:38  Zergling x4  
  27  3:40  Drone  
  28  3:47  Zergling x2  
  27  3:53  Baneling x3  
  26  3:56  Drone  
  25  4:07  Zergling x2  
  25  4:08  Zergling x2  
  26  4:13  Drone x2  
  27  4:22  Drone x2  
  29  4:30  Zergling x4  
  30  4:34  Baneling  
  30  4:41  Drone x3  
  32  4:46  Drone  
  33  5:03  Roach Warren  
  32  5:14  Zergling x4  
  33  5:17  Zergling x4  
  33  5:20  Queen  
  34  5:21  Baneling x2  
  34  5:24  Zergling x4  
  36  5:32  Baneling  
  36  5:33  Baneling  
  35  5:39  Zergling x4  
  35  6:02  Overlord x2  
  30  6:13  Zergling x6  
  30  6:14  Zergling x6  
  30  6:16  Zergling x2  
  36  6:21  Zergling x2  
  36  6:25  Zergling x2  
  34  6:35  Zergling x6  
  34  6:36  Baneling  
  34  6:37  Baneling x3  
  34  6:38  Zergling x4  
Show
View Real Time Build Order
Export as new Build Order

iAsonu Zerg - Winner!

Build Orders: Hatch First 

Get SALT Encoding   

  12  0:01  Drone  
  13  0:12  Overlord  
  13  0:17  Drone  
  14  0:31  Drone x2  
  14  0:34  Drone  
  17  0:51  Hatchery  
  17  0:54  Drone  
  17  0:59  Drone  
  18  1:04  Extractor  
  17  1:13  Spawning Pool  
  17  1:16  Drone  
  17  1:18  Drone  
  18  1:27  Drone  
  19  1:40  Overlord  
  19  1:54  Drone  
  19  1:59  Queen  
  19  2:00  Zergling x2  
  23  2:03  Queen  
  23  2:06  Metabolic Boost  
  23  2:07  Drone  
  26  2:10  Drone  
  26  2:14  Drone  
  28  2:22  Zergling x2  
  29  2:26  Drone  
  30  2:38  Drone  
  30  2:39  Hatchery  
  30  2:43  Zergling x4  
  32  2:49  Overlord  
  32  2:57  Zergling x4  
  34  3:04  Zergling x2, Spine Crawler  
  34  3:07  Zergling x2  
  34  3:08  Queen, Zergling x2  
  37  3:16  Zergling x8  
  40  3:24  Zergling x2  
  40  3:25  Zergling x4  
  38  3:31  Zergling x2  
  33  3:42  Queen  
  33  3:43  Zergling x4  
  35  3:52  Drone  
  35  3:53  Drone  
  35  3:55  Drone  
  38  3:58  Drone  
  38  4:00  Baneling Nest  
  38  4:11  Drone  
  37  4:17  Drone  
  37  4:21  Overlord  
  37  4:22  Drone x2  
  37  4:23  Drone  
  40  4:38  Overlord  
  40  4:40  Drone  
  40  4:41  Drone  
  41  4:46  Drone x3  
  41  4:48  Overlord  
  41  4:50  Queen  
  41  4:51  Drone x2  
  47  4:53  Drone x2  
  47  4:56  Baneling x5  
  47  4:59  Zergling x6  
  52  5:03  Overlord  
  50  5:15  Zergling x2  
  50  5:16  Zergling x8  
  50  5:20  Extractor  
  52  5:22  Roach Warren, Extractor  
  52  5:25  Baneling  
  52  5:27  Drone  
  51  5:36  Drone  
  51  5:37  Drone  
  51  5:45  Drone  
  51  5:46  Baneling x2  
  51  5:47  Overlord  
  52  5:53  Drone  
  53  5:57  Drone x3  
  53  5:59  Overlord  
  54  6:08  Baneling x2  
  54  6:09  Overlord  
  53  6:11  Roach  
  53  6:12  Roach x5  
  65  6:23  Roach  
  65  6:24  Roach x3  
  73  6:27  Roach  
  73  6:32  Roach  
  76  6:33  Roach  
  76  6:34  Roach  
Tags
 
Add a new tag
Caveats
  • Supply blocks, unpowered buildings, or Contaminate may cause inaccurate times.
  • Supply counts are checked every 10 seconds.